 Dungeon Crawl Stone Soup version 0.21.1-1-g345015f (webtiles) character file.

337 kae the Insei (level 6, -5/36 HPs)
             Began as an Octopode Transmuter on May 26, 2018.
             Slain by a gnoll (7 damage)
             ... on level 4 of the Dungeon.
             The game lasted 00:03:42 (3591 turns).

kae the Insei (Octopode Transmuter)                 Turns: 3591, Time: 00:03:43

Health: -5/36      AC:  3    Str: 14    XL:     6   Next: 54%
Magic:  10/10      EV: 13    Int: 17    God:
Gold:   167        SH:  0    Dex: 15    Spells: 10/11 levels left

rFire    x . .     SeeInvis .     - Unarmed
rCold    + . .     Gourm    .   (no shield)
rNeg     + . .     Faith    .   (helmet restricted)
rPois    +         Spirit   .   o - amulet of magic regeneration
rElec    .         Reflect  .   j - ring of positive energy
rCorr    .         Harm     .   l - ring of ice
MR       .....                  (no ring)
Stlth    ++........             (no ring)
HPRegen  0.12/turn              (no ring)
MPRegen  0.37/turn              (no ring)
                                (no ring)
                                (no ring)

@: mighty, about to teleport
A: almost no armour, stealthy swim, amphibious, 8 rings, constrict 8, icy blue
scales 1, camouflage 1, clever 1, frail 1, poison resistance, gelatinous body 1
a: no special abilities


You were on level 4 of the Dungeon.
You were hungry.

You visited 1 branch of the dungeon, and saw 4 of its levels.

You collected 167 gold pieces.

Inventory:

Missiles
 a - 79 arrows
Jewellery
 j - a ring of positive energy (left tentacle)
 l - a ring of ice (right tentacle)
 o - an amulet of magic regeneration (around mantle)
Scrolls
 h - 2 scrolls of teleportation
Potions
 f - a potion of brilliance
 k - a potion of might
Books
 b - a book of Changes

   Spells                             Type                      Level
   a - Beastly Appendage              Transmutation                1
   b - Sticks to Snakes               Transmutation                2
   c - Spider Form                    Transmutation/Poison         3
   d - Ice Form                       Ice/Transmutation            4
   e - Blade Hands                    Transmutation                5
Comestibles
 c - 4 rations


   Skills:
 + Level 2.5 Fighting
 - Level 2.0 Dodging
 * Level 4.7 Unarmed Combat
 + Level 3.1 Spellcasting
 * Level 4.2 Transmutations


You had 10 spell levels left.
You knew the following spells:

 Your Spells              Type           Power        Failure   Level  Hunger
a - Beastly Appendage     Tmut           ###...       3%          1    None


Dungeon Overview and Level Annotations

Branches:
Dungeon (4/15)
 Temple: D:4-7

Altars:
The Shining One


Innate Abilities, Weirdness & Mutations

You cannot wear most types of armour.
You are very stealthy in the water. (Stealth+)
You are amphibious.
You can wear up to eight rings at the same time.
You can use your tentacles to constrict eight enemies at once.
Your skin changes colour to match your surroundings (Stealth+).
Your rubbery body absorbs attacks. (AC +1, EV +1)
You are partially covered in icy blue scales. (AC +2)
Your mind is acute. (Int +2)
You are frail. (-10% HP)
Your system is resistant to poisons. (rPois)


Message History

You feel very mighty all of a sudden. The gnoll hits you with a flail!
* * * LOW HITPOINT WARNING * * *
You bludgeon the gnoll!
You kill the gnoll!
You completely miss the gnoll. You grab the gnoll. You constrict the gnoll.
The gnoll closely misses you. x2
It was a potion of mutation.
You feel extremely strange.
You feel resistant to poisons.
You feel frail.
You feel clever.
Icy blue scales grow over part of your body.
You constrict the gnoll, but do no damage.
The gnoll hits you.
* * * LOW HITPOINT WARNING * * *
The gnoll hits you from afar with a spear.
* * * LOW HITPOINT WARNING * * *
You release your grip on the gnoll.
Okay, then.
As you read the scroll of teleportation, it crumbles to dust.
You feel strangely unstable. The gnoll hits you!
You die...

.########## #.......@gh#
....#≈≈
........###.##....#≈.
.........###.##....'.
............h.+....#
.........###g##....#
.........###g##....#
........h.(........###
.........g...........###
........†..............#


You could see a hound and a gnoll.

Vanquished Creatures
  A crimson imp (D:2)
  2 orc wizards (D:4)
  2 orc priests (D:3)
  A gnoll (D:4)
  10 adders
  3 worms (D:2)
  2 dart slugs
  6 leopard geckos
  2 orcs
  7 giant cockroaches
  2 goblins (D:1)
  6 hobgoblins
  6 kobolds
  3 quokkas
  4 ball pythons
  5 bats
  7 frilled lizards
  8 rats
77 creatures vanquished.

Notes
Turn   | Place    | Note
-------+----------+-------------------------------------------
     0 | D:1      | kae the Octopode Transmuter began the quest for the Orb.
     0 | D:1      | Reached XP level 1. HP: 13/13 MP: 3/3
    68 | D:1      | Reached XP level 2. HP: 9/18 MP: 3/5
   308 | D:1      | Found a glowing golden altar of the Shining One.
   762 | D:2      | Reached XP level 3. HP: 12/23 MP: 4/6
  1173 | D:2      | Reached XP level 4. HP: 16/28 MP: 7/7
  1700 | D:2      | Reached XP level 5. HP: 34/34 MP: 8/8
  2131 | D:2      | Found a faded altar of an unknown god.
  2451 | D:3      | Reached XP level 6. HP: 15/39 MP: 8/10
  3585 | D:4      | Gained mutation: Your system is resistant to poisons. (rPois) [potion of mutation]
  3585 | D:4      | Gained mutation: You are frail. (-10% HP) [potion of mutation]
  3585 | D:4      | Gained mutation: Your mind is acute. (Int +2) [potion of mutation]
  3585 | D:4      | Gained mutation: You are partially covered in icy blue scales. (AC +2) [potion of mutation]
  3585 | D:4      | HP: 1/36 [gnoll/spear (4)]
  3591 | D:4      | Slain by a gnoll

Skill      XL: |  1  2  3  4  5  6 |
---------------+-------------------+-----
Transmutations | 3 4 |  4.2
Unarmed Combat | 4 |  4.7
Fighting       | 2 |  2.5
Spellcasting   | 3 |  3.1
Dodging        | |  2.0

Action                   |  1- 3 |  4- 6 || total
-------------------------+-------+-------++-------
Melee: Unarmed           |    68 |   130 ||   198
       Constrict         |    19 |    32 ||    51
       Tentacles         |     9 |    23 ||    32
       Kick              |    10 |    21 ||    31
       Punch             |       |     4 ||     4
 Cast: Beastly Appendage |     5 |    19 ||    24
  Use: Potion            |     1 |     2 ||     3
       Scroll            |       |     9 ||     9
 Stab: Sleeping          |     4 |     5 ||     9
  Eat: Chunk             |     1 |     7 ||     8
Armor: Skin              |     5 |     8 ||    13
Dodge: Dodged            |    48 |    66 ||   114
